 Dungeon Crawl Stone Soup version 0.18.1-8-gdd0e5ea (webtiles) character file.

1740 Marenglen the Ruffian (level 8, -5/68 HPs)
             Began as a Troll Arcane Marksman on May 23, 2016.
             Was an Initiate of Dithmenos.
             Slain by Marenglen's ghost (17 damage)
             ... on level 7 of the Dungeon.
             The game lasted 00:19:41 (6426 turns).

Marenglen the Ruffian (Troll Arcane Marksman)       Turns: 6426, Time: 00:19:41

Health: -5/68      AC:  3    Str: 20    XL:     8   Next: 77%
Magic:  8/8        EV: 10    Int:  9    God:    Dithmenos [......]
Gold:   74         SH:  0    Dex: 11    Spells: 2 memorised, 6 levels left

rFire  . . .     SeeInvis .       - Unarmed
rCold  . . .     Gourm    +     (armour restricted)
rNeg   + . .     Faith    .     (no shield)
rPois  .         Spirit   .     (helmet restricted)
rElec  .         Dismiss  .     (no cloak)
rCorr  .         Reflect  .     (gloves unavailable)
SustAt .         Harm     .     (boots unavailable)
MR     .....                    (no amulet)
Stlth  +.........               u - ring of wizardry
                                h - ring of positive energy

@: about to teleport, not resistant to hostile enchantments, very unstealthy
A: unfitting armour, claws 3, fast metabolism 3, gourmand, regeneration 2,
shaggy fur 1, tough skin 2
a: Renounce Religion


You were on level 7 of the Dungeon.
You worshipped Dithmenos.
Dithmenos was noncommittal.
You were very full.

You visited 2 branches of the dungeon, and saw 8 of its levels.

You collected 224 gold pieces.
You spent 150 gold pieces at shops.

Inventory:

Hand Weapons
 b - a +0 blowgun
Missiles
 c - 4 large rocks (quivered)
 d - 4 throwing nets
 j - 173 stones
 C - 29 poisoned needles
 D - 2 tomahawks
Jewellery
 h - a ring of positive energy (left claw)
 u - a ring of wizardry (right claw)
 x - an uncursed amulet of harm
 G - an uncursed ring of wizardry
Wands
 s - a wand of paralysis (4/24)
Scrolls
 a - a scroll of amnesia
 p - a scroll of enchant weapon
 y - a scroll of recharging
 A - 3 scrolls of remove curse
Potions
 e - 2 potions of lignification
 g - a potion of might {unknown}
 l - 2 potions of haste
 m - a potion of beneficial mutation {unknown}
 q - a potion of cure mutation {unknown}
 r - a potion of mutation {unknown}
 t - a potion of curing
 v - a potion of invisibility {unknown}
 w - 3 potions of brilliance
 z - a potion of ambrosia {unknown}
 H - 2 potions of flight {unknown}
Books
 B - a book of Debilitation

   Spells                             Type                      Level
   a - Corona                         Hexes                        1
   b - Slow                           Hexes                        2
   c - Gell's Gravitas                Hexes/Translocation          3
   d - Inner Flame                    Hexes/Fire                   3
   e - Cause Fear                     Hexes                        4
   f - Leda's Liquefaction            Hexes/Earth                  4
Comestibles
 f - 7 bread rations
 i - 3 beef jerkies
 k - 3 royal jellies
 n - 8 fruits
 E - a chunk of flesh
 F - a meat ration


   Skills:
 - Level 0.7 Fighting
 + Level 7.1 Throwing
 - Level 1.5 Dodging
 + Level 7.7 Unarmed Combat
 - Level 1.0 Spellcasting
 - Level 2.8 Hexes


You had 6 spell levels left.
You knew the following spells:

 Your Spells              Type           Power        Failure   Level  Hunger
a - Corona                Hex            #......      4%          1    ##.....
b - Slow                  Hex            #.......     7%          2    ###....


Dungeon Overview and Level Annotations

Branches:
Dungeon (7/15)             Temple (1/1) D:5

Altars:
Ashenzari
Cheibriados
Dithmenos
Elyvilon
Fedhas
Gozag
Kikubaaqudgha
Makhleb
Nemelex Xobeh
Okawaru
Pakellas
Qazlal
Ru
Sif Muna
Trog
Vehumet
Xom
Yredelemnul
Zin
The Shining One

Shops:
D:5 :*

Annotations:
D:7 Marenglen's ghost, novice TrAM


Innate Abilities, Weirdness & Mutations

You are too large for most types of armour.
You have claws for hands.
Your metabolism is lightning-fast.
You like to eat raw meat.
You heal very quickly.
You are covered in fur (AC +1).
You have very tough skin (AC +2).


Message History

Marenglen's ghost resists with almost no effort.
This wand has 5 charges left.
Marenglen's ghost misses you.
Evoke which item? (* to show all) (? for menu, Esc to quit)
Zapping:
s - a wand of paralysis (5/24)
Press: ? - help, Shift-Dir - straight line, f/p - Marenglen's ghost
Aim: Marenglen's ghost (chance to defeat MR: 19%) Marenglen's ghost resists with almost no effort.
This wand has 4 charges left.
Marenglen's ghost hits you!!
* * * LOW HITPOINT WARNING * * *
Drink which item? (? for menu, Esc to quit)
You feel better. Marenglen's ghost barely misses you.
Read which item? (? for menu, Esc to quit)
Okay, then.
Read which item? (? for menu, Esc to quit)
As you read the scroll of teleportation, it crumbles to dust.
You feel strangely unstable. Marenglen's ghost hits you!
* * * LOW HITPOINT WARNING * * *
Drink which item? (? for menu, Esc to quit)
You feel better. Marenglen's ghost hits you!
You die...

.....................#
.....................#
##......##.....g.....#
####+#######...........#
..##......##.....##....#
..#.......#########....#
..#.......#......#.....#
..##......#......W.....#
..##......#.....@#.....#
..........#......#.....#
..........#......#.....#
.................#.....#
#.###.........#..####..#
#.#####+..._...#+### ..#
....#..............# .#
....#...^..........#
#...#........#.....#


You could see Marenglen's ghost.

Vanquished Creatures
  An ice beast (D:5)
  A sky beast (D:6)
  3 ogres
  A big kobold (D:5)
  A giant frog (D:5)
  A scorpion (D:5)
  6 killer bees (D:5)
  A howler monkey (D:5)
  3 crimson imps (D:5)
  A hound (D:6)
  An orc priest (D:4)
  2 giant frog skeletons
  5 orc wizards
  An iguana (D:4)
  5 worker ants
  A hound zombie (D:7)
  A worker ant zombie (D:6)
  Robin (D:4)
  10 adders
  3 gnolls (D:4)
  3 adder skeletons
  4 worms
  2 dart slugs
  A giant gecko (D:5)
  16 orcs
  4 giant cockroaches
  20 goblins
  14 hobgoblins
  2 jackals (D:7)
  12 kobolds
  2 quokkas
  5 ball pythons
  11 bats
  A giant gecko skeleton (D:6)
  A giant gecko zombie (D:5)
  6 giant newts
  2 gnoll zombies (D:4)
  3 rats
158 creatures vanquished.

Notes
Turn   | Place    | Note
--------------------------------------------------------------
     0 | D:1      | Marenglen the Troll Arcane Marksman began the quest for the Orb.
     0 | D:1      | Reached XP level 1. HP: 18/18 MP: 1/1
    97 | D:1      | Reached skill level 1 in Unarmed Combat
   144 | D:1      | Reached XP level 2. HP: 26/26 MP: 2/2
   666 | D:2      | Reached XP level 3. HP: 32/32 MP: 3/3
   724 | D:2      | Found an opulent altar of Gozag.
   853 | D:2      | Found a bloodstained altar of Trog.
  1079 | D:2      | Learned a level 2 spell: Slow
  1462 | D:2      | Reached XP level 4. HP: 33/40 MP: 4/4
  2324 | D:3      | Reached XP level 5. HP: 20/46 MP: 5/5
  2646 | D:3      | Found a glowing golden altar of the Shining One.
  2914 | D:4      | Noticed an ogre
  2925 | D:4      | Killed an ogre
  2925 | D:4      | Reached XP level 6. HP: 54/54 MP: 4/6
  3234 | D:4      | Noticed Robin
  3264 | D:4      | Killed Robin
  3763 | D:4      | Found a basalt altar of Yredelemnul.
  3820 | D:5      | Entered Level 5 of the Dungeon
  3830 | D:5      | Found a staircase to the Ecumenical Temple.
  3837 | Temple   | Entered the Ecumenical Temple
  4087 | D:5      | Reached XP level 7. HP: 55/61 MP: 3/7
  4094 | D:5      | Found Kicoqoed's Book Emporium.
  4153 | D:5      | Reached skill level 5 in Unarmed Combat
  4275 | D:5      | Found an oddly glowing altar of Pakellas.
  4462 | D:4      | Reached skill level 5 in Throwing
  4713 | D:5      | Found a shadowy altar of Dithmenos.
  4726 | D:5      | Became a worshipper of Dithmenos the Shadowed
  4855 | D:5      | Reached XP level 8. HP: 66/68 MP: 8/8
  5058 | D:5      | Found Xefec's General Store.
  5075 | D:5      | Bought a potion of curing for 45 gold pieces
  5075 | D:5      | Bought a potion of brilliance for 60 gold pieces
  5686 | D:5      | Bought a potion of curing for 45 gold pieces
  5829 | D:6      | Found a sacrificial altar of Ru.
  5874 | D:6      | Found a sparkling altar of Nemelex Xobeh.
  6020 | D:6      | Found an ancient bone altar of Kikubaaqudgha.
  6232 | D:7      | Found an iron altar of Okawaru.
  6259 | D:7      | Found a shimmering altar of Xom.
  6379 | D:7      | Noticed Marenglen's ghost (novice TrAM)
  6426 | D:7      | Slain by Marenglen's ghost

Skill      XL: |  1  2  3  4  5  6  7  8 |
---------------+-------------------------+-----
Unarmed Combat | 1 2 3 4 6 7 |  7.7
Throwing       | 2 3 4 5 7 |  7.1
Fighting       | |  0.7
Dodging        | |  1.5
Spellcasting   | |  1.0
Hexes          | |  2.8

Action                   |  1- 3 |  4- 6 |  7- 9 || total
-------------------------+-------+-------+-------++-------
Melee: Unarmed           |   142 |   214 |   146 ||   502
       Punch             |       |       |     6 ||     6
Throw: Large rock        |     1 |    13 |    20 ||    34
       Throwing net      |       |     5 |     4 ||     9
 Cast: Slow              |       |     4 |     3 ||     7
       Corona            |       |     7 |     4 ||    11
Evoke: Wand              |       |       |    22 ||    22
  Use: Scroll            |     2 |     4 |     9 ||    15
       Potion            |       |     1 |     2 ||     3
 Stab: Sleeping          |     2 |       |       ||     2
       Paralysed         |       |       |    15 ||    15
       Held in net/web   |       |       |     1 ||     1
  Eat: Chunk             |    18 |    25 |    22 ||    65
Armor: Skin              |    56 |    49 |    39 ||   144
Dodge: Dodged            |    80 |    96 |    87 ||   263
